[ AOE2 MATCH · #473476345 ]
UnrankedVietnamese vs Turks
[ REPLAY ANALYSIS · EXTRACTED FROM THE RECORDED GAME ]
Feudal
10:18
Castle
15:42
Imperial
—
| APM avg | 61.0 |
| APM peak | 103 |
| eAPM avg | 29.9 |
| Villagers / military | 44 / 23 |
Focus
⚔️ 15.6% · 🌾 84.4%
Rattan Archer ×13 · Battering Ram ×7 · Scorpion ×3
Feudal
11:00
Castle
15:03
Imperial
—
| APM avg | 62.4 |
| APM peak | 134 |
| eAPM avg | 25.6 |
| Villagers / military | 55 / 41 |
Focus
⚔️ 28.4% · 🌾 71.6%
Janissary ×33 · Mangonel ×4 · Battering Ram ×4
Feudal
10:58
Castle
14:50
Imperial
—
| APM avg | 44.8 |
| APM peak | 77 |
| eAPM avg | 20.5 |
| Villagers / military | 78 / 34 |
Focus
⚔️ 33.6% · 🌾 66.4%
Longbowman ×30 · Petard ×4
Feudal
11:22
Castle
14:58
Imperial
—
| APM avg | 37.3 |
| APM peak | 110 |
| eAPM avg | 12.7 |
| Villagers / military | 63 / 20 |
Focus
⚔️ 18.8% · 🌾 81.2%
Knight ×19 · Monk ×1
Feudal
10:59
Castle
14:32
Imperial
—
| APM avg | 34.3 |
| APM peak | 90 |
| eAPM avg | 17.6 |
| Villagers / military | 36 / 16 |
Focus
⚔️ 36.2% · 🌾 63.8%
Monk ×7 · Mangonel ×4 · Spearman ×4 · Militia ×1
Feudal
8:36
Castle
20:14
Imperial
—
| APM avg | 38.7 |
| APM peak | 79 |
| eAPM avg | 19.0 |
| Villagers / military | 106 / 26 |
Focus
⚔️ 29.5% · 🌾 70.5%
Scout Cavalry ×25 · Scorpion ×1
Match map
Initial resources + every placement click. Lines = walls · curves = elevation contours. ◆ gold · ⬟ stone · ● berries · ✦ relic · ◌ wall gap
Your base· ✓ Closed at 15:42 · 0t walls · 3 gate(s)
Juunku's base· ✓ Closed at 15:03 · 0t walls · 2 gate(s)
MZTK | Lenz's base· ✓ Closed at 14:50 · 0t walls · 2 gate(s)
yecjoel's base· ✓ Closed at 14:58 · 0t walls · 2 gate(s)
[TodEs] JohnWCooke's base· ✓ Closed at 14:32 · 0t walls · 3 gate(s)
brachigol's base· ✓ Closed at 20:14 · 0t walls · 2 gate(s)
Smoothed initial terrain · ◌ = detected wall gap · hover for details
Inputs per minute
— TheRe@l_Milo - - Juunku
Build order — TheRe@l_Milo
120 actions detected in the replay
| 0:02 | Create | Villager (Male) |
| 0:02 | Create | Villager (Male) |
| 0:02 | Create | Villager (Male) |
| 0:03 | Build | House |
| 0:04 | Build | House |
| 0:04 | Create | Villager (Male) |
| 1:28 | Create | Villager (Male) |
| 2:00 | Create | Villager (Male) |
| 2:01 | Create | Villager (Male) |
| 2:16 | Create | Villager (Male) |
| 2:38 | Create | Villager (Male) |
| 2:38 | Create | Villager (Male) |
| 2:59 | Create | Villager (Male) |
| 3:04 | Build | Lumber Camp |
| 3:22 | Create | Villager (Male) |
| 3:44 | Build | House |
| 3:59 | Create | Villager (Male) |
| 4:22 | Create | Villager (Male) |
| 4:38 | Create | Villager (Male) |
| 5:02 | Create | Villager (Male) |
| 5:35 | Build | Mill |
| 5:47 | Create | Villager (Male) |
| 6:11 | Create | Villager (Male) |
| 6:17 | Build | House |
| 6:38 | Create | Villager (Male) |
| 6:45 | Build | Mill |
| 7:11 | Create | Villager (Male) |
| 7:42 | Create | Villager (Male) |
| 8:08 | Research | Feudal Age |
| 9:01 | Build | Mining Camp |
| 9:09 | Build | Farm |
| 9:34 | Build | Farm |
| 10:04 | Build | House |
| 10:18 | Age | Feudal Age |
| 10:20 | Create | Villager (Male) |
| 10:40 | Create | Villager (Male) |
| 10:56 | Build | Market |
| 11:13 | Build | Blacksmith |
| 11:15 | Create | Villager (Male) |
| 11:17 | Build | Farm |
| 11:41 | Create | Villager (Male) |
| 11:43 | Build | Farm |
| 12:08 | Create | Villager (Male) |
| 12:12 | Build | Farm |
| 12:37 | Create | Villager (Male) |
| 12:42 | Build | Mining Camp |
| 12:51 | Research | Castle Age |
| 13:30 | Research | Double-Bit Axe |
| 13:31 | Research | Double-Bit Axe |
| 13:31 | Research | Double-Bit Axe |
| 14:00 | Build | Farm |
| 14:14 | Build | House |
| 14:59 | Research | Horse Collar |
| 14:59 | Research | Horse Collar |
| 15:09 | Build | Lumber Camp |
| 15:42 | Age | Castle Age |
| 15:48 | Create | Villager (Male) |
| 16:05 | Research | Loom |
| 16:05 | Research | Loom |
| 16:17 | Create | Villager (Male) |
| 16:20 | Research | Bow Saw |
| 16:30 | Build | House |
| 16:47 | Build | House |
| 17:05 | Build | Castle |
| 17:11 | Create | Villager (Male) |
| 17:13 | Create | Villager (Male) |
| 18:02 | Build | House |
| 18:14 | Create | Rattan Archer |
| 18:15 | Create | Rattan Archer |
| 18:30 | Build | Stone Wall |
| 18:34 | Build | Gate |
| 18:37 | Create | Villager (Male) |
| 18:39 | Create | Rattan Archer |
| 18:42 | Create | Villager (Male) |
| 18:52 | Create | Villager (Male) |
| 18:57 | Build | Farm |
| 18:59 | Build | Farm |
| 19:01 | Create | Rattan Archer |
| 19:01 | Create | Rattan Archer |
| 19:02 | Create | Rattan Archer |
| 19:21 | Build | Town Center |
| 19:37 | Research | Fletching |
| 19:51 | Build | Siege Workshop |
| 19:59 | Create | Villager (Male) |
| 20:11 | Build | Mining Camp |
| 20:23 | Research | Padded Archer Armor |
| 20:55 | Create | Scorpion |
| 20:55 | Create | Scorpion |
| 20:56 | Create | Scorpion |
| 21:08 | Create | Rattan Archer |
| 21:10 | Create | Villager (Male) |
| 21:25 | Build | Lumber Camp |
| 21:28 | Build | Farm |
| 21:37 | Create | Rattan Archer |
| 21:49 | Create | Villager (Male) |
| 21:59 | Build | House |
| 22:31 | Create | Rattan Archer |
| 22:31 | Create | Rattan Archer |
| 22:32 | Create | Rattan Archer |
| 22:48 | Create | Villager (Male) |
| 22:48 | Create | Villager (Male) |
| 23:05 | Create | Battering Ram |
| 23:05 | Create | Battering Ram |
| 23:29 | Create | Rattan Archer |
| 23:56 | Build | Farm |
| 23:57 | Build | Farm |
| 23:59 | Build | Farm |
| 24:13 | Create | Battering Ram |
| 24:13 | Create | Battering Ram |
| 24:41 | Create | Battering Ram |
| 25:54 | Create | Villager (Male) |
| 25:55 | Create | Villager (Male) |
| 26:17 | Create | Battering Ram |
| 26:18 | Create | Battering Ram |
| 27:31 | Create | Villager (Male) |
| 27:52 | Create | Villager (Male) |
| 28:19 | Build | Town Center |
| 28:40 | Create | Rattan Archer |
| 29:34 | Build | Town Center |
| 29:46 | Create | Villager (Male) |
Build order — Juunku
First 150 of 168 actions detected
| 0:00 | Create | Villager (Male) |
| 0:01 | Create | Villager (Male) |
| 0:01 | Create | Villager (Male) |
| 0:02 | Build | House |
| 0:03 | Build | House |
| 0:15 | Create | Villager (Male) |
| 1:25 | Create | Villager (Male) |
| 1:44 | Build | Lumber Camp |
| 1:58 | Create | Villager (Male) |
| 1:59 | Create | Villager (Male) |
| 2:14 | Create | Villager (Male) |
| 2:51 | Create | Villager (Male) |
| 3:08 | Create | Villager (Male) |
| 3:32 | Create | Villager (Male) |
| 3:36 | Build | House |
| 3:37 | Build | House |
| 4:06 | Create | Villager (Male) |
| 4:06 | Create | Villager (Male) |
| 4:35 | Build | Mill |
| 4:51 | Create | Villager (Male) |
| 5:04 | Create | Villager (Male) |
| 5:14 | Create | Villager (Male) |
| 6:06 | Create | Villager (Male) |
| 6:06 | Create | Villager (Male) |
| 6:07 | Create | Villager (Male) |
| 6:25 | Build | Farm |
| 6:31 | Create | Villager (Male) |
| 6:43 | Build | Farm |
| 7:33 | Create | Villager (Male) |
| 7:33 | Create | Villager (Male) |
| 7:46 | Build | Farm |
| 8:14 | Build | Mining Camp |
| 8:25 | Create | Villager (Male) |
| 8:42 | Research | Feudal Age |
| 9:27 | Build | Mining Camp |
| 9:49 | Build | Farm |
| 9:57 | Build | Farm |
| 9:58 | Create | Villager (Male) |
| 9:58 | Create | Villager (Male) |
| 10:17 | Build | House |
| 10:34 | Build | Farm |
| 11:00 | Age | Feudal Age |
| 11:02 | Build | Market |
| 11:05 | Build | Blacksmith |
| 11:14 | Research | Loom |
| 11:14 | Research | Loom |
| 11:42 | Build | Mill |
| 12:23 | Research | Castle Age |
| 13:13 | Research | Double-Bit Axe |
| 13:55 | Create | Villager (Male) |
| 13:55 | Create | Villager (Male) |
| 14:56 | Create | Villager (Male) |
| 15:01 | Build | Farm |
| 15:03 | Age | Castle Age |
| 15:07 | Build | House |
| 15:24 | Build | Castle |
| 15:41 | Build | Farm |
| 15:44 | Create | Villager (Male) |
| 16:15 | Create | Villager (Male) |
| 16:33 | Create | Villager (Male) |
| 16:33 | Build | Farm |
| 16:47 | Build | Mining Camp |
| 16:52 | Create | Janissary |
| 16:52 | Create | Janissary |
| 17:06 | Create | Villager (Male) |
| 17:13 | Research | Stone Mining |
| 17:20 | Create | Janissary |
| 17:33 | Create | Janissary |
| 17:49 | Create | Janissary |
| 17:49 | Create | Villager (Male) |
| 18:11 | Create | Villager (Male) |
| 18:23 | Create | Janissary |
| 18:50 | Create | Janissary |
| 18:55 | Create | Villager (Male) |
| 18:55 | Create | Villager (Male) |
| 18:56 | Build | Farm |
| 19:15 | Create | Janissary |
| 19:20 | Build | Farm |
| 19:38 | Create | Janissary |
| 19:46 | Build | Farm |
| 19:48 | Create | Villager (Male) |
| 19:57 | Create | Janissary |
| 20:09 | Create | Villager (Male) |
| 20:26 | Create | Villager (Male) |
| 20:55 | Create | Villager (Male) |
| 21:04 | Create | Janissary |
| 21:14 | Create | Janissary |
| 21:20 | Research | Padded Archer Armor |
| 21:20 | Research | Padded Archer Armor |
| 21:21 | Create | Villager (Male) |
| 21:22 | Create | Janissary |
| 21:33 | Create | Villager (Male) |
| 21:49 | Create | Villager (Male) |
| 21:55 | Build | Farm |
| 21:58 | Build | Farm |
| 21:59 | Build | Farm |
| 22:32 | Build | Castle |
| 22:38 | Create | Janissary |
| 22:38 | Create | Janissary |
| 22:40 | Create | Villager (Male) |
| 22:51 | Create | Janissary |
| 22:51 | Create | Janissary |
| 23:02 | Build | Farm |
| 23:16 | Build | House |
| 23:21 | Create | Villager (Male) |
| 23:21 | Create | Villager (Male) |
| 23:30 | Create | Janissary |
| 23:35 | Build | House |
| 23:42 | Build | Mining Camp |
| 24:05 | Build | Lumber Camp |
| 24:07 | Build | Farm |
| 24:12 | Research | Gold Mining |
| 24:15 | Create | Janissary |
| 24:23 | Create | Janissary |
| 24:35 | Create | Janissary |
| 24:36 | Create | Villager (Male) |
| 24:40 | Build | House |
| 24:41 | Build | House |
| 24:53 | Build | Farm |
| 24:53 | Build | Farm |
| 24:54 | Create | Villager (Male) |
| 25:05 | Research | Fletching |
| 25:06 | Create | Janissary |
| 25:24 | Create | Villager (Male) |
| 25:25 | Create | Janissary |
| 25:32 | Build | Farm |
| 25:32 | Build | Farm |
| 25:39 | Research | Horse Collar |
| 25:47 | Build | Siege Workshop |
| 25:50 | Create | Janissary |
| 25:58 | Build | House |
| 25:58 | Build | House |
| 25:59 | Build | Palisade Wall |
| 26:12 | Create | Mangonel |
| 26:12 | Create | Mangonel |
| 26:19 | Create | Janissary |
| 26:29 | Create | Battering Ram |
| 26:29 | Create | Battering Ram |
| 26:53 | Create | Janissary |
| 26:54 | Create | Janissary |
| 27:04 | Build | House |
| 27:10 | Create | Villager (Male) |
| 27:10 | Create | Villager (Male) |
| 27:29 | Create | Janissary |
| 27:35 | Build | House |
| 27:37 | Build | House |
| 27:39 | Build | House |
| 27:46 | Create | Janissary |
| 27:48 | Build | Palisade Wall |
| 27:50 | Build | Palisade Wall |
Build order — MZTK | Lenz
First 150 of 180 actions detected
| 0:02 | Create | Villager (Male) |
| 0:03 | Create | Villager (Male) |
| 0:03 | Create | Villager (Male) |
| 0:05 | Build | House |
| 0:06 | Build | House |
| 0:11 | Create | Villager (Male) |
| 0:12 | Create | Villager (Male) |
| 1:19 | Create | Villager (Male) |
| 1:19 | Create | Villager (Male) |
| 1:57 | Create | Villager (Male) |
| 2:01 | Create | Villager (Male) |
| 2:01 | Create | Villager (Male) |
| 2:15 | Build | Lumber Camp |
| 2:31 | Create | Villager (Male) |
| 2:42 | Create | Villager (Male) |
| 3:08 | Create | Villager (Male) |
| 3:21 | Create | Villager (Male) |
| 3:48 | Build | House |
| 3:49 | Create | Villager (Male) |
| 3:49 | Create | Villager (Male) |
| 4:33 | Build | House |
| 4:35 | Build | House |
| 4:42 | Create | Villager (Male) |
| 5:15 | Create | Villager (Male) |
| 5:15 | Create | Villager (Male) |
| 5:46 | Create | Villager (Male) |
| 5:48 | Create | Villager (Male) |
| 5:54 | Create | Villager (Male) |
| 5:57 | Build | Mill |
| 6:04 | Create | Villager (Male) |
| 6:04 | Create | Villager (Male) |
| 6:24 | Create | Villager (Male) |
| 7:12 | Create | Villager (Male) |
| 7:16 | Create | Villager (Male) |
| 7:22 | Create | Villager (Male) |
| 7:34 | Create | Villager (Male) |
| 7:45 | Build | Mill |
| 7:46 | Create | Villager (Male) |
| 8:05 | Build | Mining Camp |
| 8:15 | Create | Villager (Male) |
| 8:25 | Create | Villager (Male) |
| 8:47 | Research | Feudal Age |
| 8:48 | Research | Feudal Age |
| 9:07 | Build | Mining Camp |
| 10:32 | Build | Farm |
| 10:58 | Age | Feudal Age |
| 11:03 | Create | Villager (Male) |
| 11:07 | Build | Market |
| 11:10 | Build | Blacksmith |
| 11:10 | Create | Villager (Male) |
| 12:10 | Research | Castle Age |
| 12:10 | Research | Castle Age |
| 14:50 | Age | Castle Age |
| 14:54 | Create | Villager (Male) |
| 14:54 | Create | Villager (Male) |
| 15:01 | Build | Castle |
| 15:21 | Build | Castle |
| 15:36 | Build | House |
| 15:36 | Create | Villager (Male) |
| 15:39 | Create | Villager (Male) |
| 15:50 | Create | Villager (Male) |
| 15:52 | Build | Farm |
| 15:54 | Create | Villager (Male) |
| 16:18 | Build | Farm |
| 16:36 | Create | Longbowman |
| 16:37 | Create | Longbowman |
| 16:37 | Create | Longbowman |
| 16:41 | Build | Mining Camp |
| 16:41 | Create | Villager (Male) |
| 16:47 | Build | Farm |
| 16:58 | Create | Longbowman |
| 17:07 | Build | Outpost |
| 17:10 | Research | Loom |
| 17:11 | Research | Town Watch |
| 17:22 | Create | Longbowman |
| 17:34 | Build | Outpost |
| 17:40 | Create | Longbowman |
| 17:48 | Create | Villager (Male) |
| 17:50 | Build | Farm |
| 17:58 | Create | Longbowman |
| 17:58 | Create | Longbowman |
| 18:22 | Create | Longbowman |
| 18:22 | Create | Longbowman |
| 18:26 | Create | Villager (Male) |
| 18:31 | Create | Longbowman |
| 18:44 | Build | Farm |
| 18:46 | Build | Farm |
| 18:48 | Build | Farm |
| 18:48 | Create | Villager (Male) |
| 18:48 | Create | Villager (Male) |
| 18:54 | Create | Longbowman |
| 19:04 | Create | Villager (Male) |
| 19:39 | Build | Farm |
| 19:40 | Build | Farm |
| 19:42 | Research | Fletching |
| 19:42 | Research | Fletching |
| 20:14 | Create | Villager (Male) |
| 20:22 | Build | Castle |
| 20:25 | Create | Villager (Male) |
| 20:39 | Create | Longbowman |
| 20:39 | Create | Longbowman |
| 20:51 | Build | Palisade Gate |
| 20:53 | Build | Palisade Wall |
| 21:12 | Create | Longbowman |
| 21:16 | Create | Villager (Male) |
| 21:17 | Create | Villager (Male) |
| 21:20 | Build | Farm |
| 21:21 | Build | Farm |
| 21:30 | Create | Villager (Male) |
| 21:45 | Create | Villager (Male) |
| 21:45 | Create | Villager (Male) |
| 21:45 | Create | Villager (Male) |
| 21:54 | Research | Double-Bit Axe |
| 22:11 | Create | Longbowman |
| 22:12 | Create | Longbowman |
| 22:13 | Create | Villager (Male) |
| 22:13 | Create | Villager (Male) |
| 22:35 | Create | Longbowman |
| 22:41 | Create | Longbowman |
| 22:46 | Create | Villager (Male) |
| 22:55 | Create | Villager (Male) |
| 22:56 | Create | Villager (Male) |
| 22:57 | Create | Longbowman |
| 22:57 | Create | Longbowman |
| 22:58 | Create | Longbowman |
| 23:11 | Create | Villager (Male) |
| 23:50 | Research | Bodkin Arrow |
| 23:56 | Create | Villager (Male) |
| 24:10 | Create | Villager (Male) |
| 24:10 | Create | Villager (Male) |
| 24:12 | Create | Longbowman |
| 24:12 | Create | Longbowman |
| 24:24 | Create | Villager (Male) |
| 24:40 | Create | Villager (Male) |
| 25:01 | Create | Longbowman |
| 25:02 | Create | Longbowman |
| 25:13 | Create | Villager (Male) |
| 25:14 | Create | Villager (Male) |
| 25:34 | Create | Villager (Male) |
| 26:19 | Build | Town Center |
| 26:19 | Create | Villager (Male) |
| 26:20 | Create | Villager (Male) |
| 26:25 | Build | Town Center |
| 26:33 | Create | Petard |
| 26:33 | Create | Petard |
| 26:37 | Create | Petard |
| 26:37 | Create | Petard |
| 27:04 | Create | Villager (Male) |
| 27:08 | Build | Farm |
| 27:09 | Build | Farm |
Build order — yecjoel
First 150 of 157 actions detected
| 0:00 | Create | Villager (Male) |
| 0:00 | Create | Villager (Male) |
| 0:02 | Build | House |
| 0:04 | Build | House |
| 0:13 | Create | Villager (Male) |
| 0:14 | Create | Villager (Male) |
| 0:14 | Create | Villager (Male) |
| 0:31 | Create | Villager (Male) |
| 1:29 | Create | Villager (Male) |
| 1:29 | Create | Villager (Male) |
| 1:51 | Build | Lumber Camp |
| 2:02 | Create | Villager (Male) |
| 2:16 | Create | Villager (Male) |
| 3:03 | Create | Villager (Male) |
| 3:47 | Build | House |
| 4:12 | Create | Villager (Male) |
| 4:12 | Create | Villager (Male) |
| 4:12 | Create | Villager (Male) |
| 4:19 | Create | Villager (Male) |
| 4:19 | Create | Villager (Male) |
| 4:25 | Build | Mill |
| 4:40 | Create | Villager (Male) |
| 4:40 | Create | Villager (Male) |
| 5:02 | Create | Villager (Male) |
| 5:02 | Create | Villager (Male) |
| 5:43 | Build | House |
| 5:56 | Build | Mill |
| 6:01 | Create | Villager (Male) |
| 6:02 | Create | Villager (Male) |
| 6:10 | Create | Villager (Male) |
| 6:10 | Create | Villager (Male) |
| 6:43 | Create | Villager (Male) |
| 7:13 | Build | Farm |
| 7:29 | Create | Villager (Male) |
| 7:54 | Create | Villager (Male) |
| 8:17 | Create | Villager (Male) |
| 8:38 | Build | Farm |
| 9:07 | Research | Feudal Age |
| 9:16 | Build | House |
| 10:03 | Create | Villager (Male) |
| 10:03 | Create | Villager (Male) |
| 10:29 | Build | Mining Camp |
| 11:22 | Age | Feudal Age |
| 11:22 | Create | Villager (Male) |
| 11:26 | Build | Market |
| 11:29 | Build | Blacksmith |
| 12:18 | Research | Castle Age |
| 12:18 | Research | Castle Age |
| 12:20 | Research | Double-Bit Axe |
| 12:22 | Research | Horse Collar |
| 12:31 | Build | Farm |
| 12:44 | Build | Farm |
| 12:51 | Build | Lumber Camp |
| 13:48 | Build | Barracks |
| 14:14 | Build | House |
| 14:19 | Create | Villager (Male) |
| 14:46 | Build | Stable |
| 14:58 | Age | Castle Age |
| 15:00 | Research | Bow Saw |
| 15:02 | Create | Villager (Male) |
| 15:04 | Research | Heavy Plow |
| 15:08 | Build | Farm |
| 15:20 | Create | Villager (Male) |
| 15:39 | Build | Stable |
| 15:43 | Create | Knight |
| 15:44 | Create | Villager (Male) |
| 15:49 | Build | Farm |
| 15:54 | Build | House |
| 15:55 | Build | House |
| 16:03 | Create | Villager (Male) |
| 16:05 | Build | Farm |
| 16:10 | Build | Farm |
| 16:27 | Create | Knight |
| 16:35 | Build | Farm |
| 16:39 | Build | Farm |
| 16:41 | Build | Farm |
| 16:44 | Build | Farm |
| 16:58 | Build | Farm |
| 17:02 | Build | Farm |
| 17:03 | Create | Villager (Male) |
| 17:13 | Build | Farm |
| 17:17 | Create | Villager (Male) |
| 17:23 | Create | Knight |
| 17:38 | Create | Villager (Male) |
| 17:46 | Create | Villager (Male) |
| 17:51 | Create | Villager (Male) |
| 17:54 | Create | Knight |
| 18:08 | Create | Knight |
| 18:16 | Create | Villager (Male) |
| 18:16 | Create | Villager (Male) |
| 18:20 | Build | Monastery |
| 18:29 | Create | Knight |
| 18:55 | Create | Villager (Male) |
| 19:17 | Create | Monk |
| 19:18 | Create | Villager (Male) |
| 19:18 | Create | Villager (Male) |
| 19:22 | Build | House |
| 19:26 | Build | House |
| 19:40 | Create | Villager (Male) |
| 19:56 | Create | Villager (Male) |
| 20:05 | Research | Bloodlines |
| 20:21 | Build | Farm |
| 20:21 | Build | Farm |
| 20:21 | Build | Farm |
| 20:22 | Build | Farm |
| 20:22 | Build | Farm |
| 20:25 | Build | Farm |
| 20:25 | Build | Farm |
| 20:25 | Build | Farm |
| 20:28 | Create | Knight |
| 21:09 | Create | Knight |
| 21:13 | Create | Villager (Male) |
| 21:13 | Create | Villager (Male) |
| 21:14 | Build | Farm |
| 21:15 | Build | Farm |
| 21:17 | Build | Farm |
| 21:20 | Create | Villager (Male) |
| 21:32 | Create | Villager (Male) |
| 21:41 | Create | Knight |
| 21:41 | Create | Knight |
| 21:52 | Create | Villager (Male) |
| 21:52 | Create | Villager (Male) |
| 21:55 | Build | Farm |
| 21:58 | Build | House |
| 22:00 | Build | House |
| 22:09 | Research | Scale Barding Armor |
| 22:13 | Create | Villager (Male) |
| 22:32 | Create | Knight |
| 22:32 | Create | Knight |
| 22:43 | Create | Villager (Male) |
| 22:47 | Build | Mining Camp |
| 22:48 | Create | Villager (Male) |
| 22:59 | Create | Knight |
| 23:36 | Create | Knight |
| 23:36 | Create | Knight |
| 23:50 | Create | Villager (Male) |
| 23:53 | Research | Husbandry |
| 23:59 | Create | Villager (Male) |
| 24:03 | Create | Villager (Male) |
| 24:03 | Create | Villager (Male) |
| 24:06 | Build | Mill |
| 24:07 | Build | Farm |
| 24:07 | Build | Farm |
| 24:08 | Build | Farm |
| 24:08 | Build | Farm |
| 24:08 | Build | Farm |
| 24:10 | Build | Mining Camp |
| 24:22 | Create | Knight |
| 24:22 | Create | Knight |
| 24:23 | Create | Knight |
Build order — [TodEs] JohnWCooke
97 actions detected in the replay
| 0:02 | Create | Villager (Male) |
| 0:02 | Build | House |
| 0:04 | Build | House |
| 0:09 | Create | Villager (Male) |
| 0:09 | Create | Villager (Male) |
| 0:18 | Create | Villager (Male) |
| 1:34 | Create | Villager (Male) |
| 1:42 | Create | Villager (Male) |
| 1:45 | Build | Lumber Camp |
| 2:24 | Create | Villager (Male) |
| 2:42 | Create | Villager (Male) |
| 3:07 | Create | Villager (Male) |
| 3:28 | Create | Villager (Male) |
| 3:38 | Create | Villager (Male) |
| 3:49 | Build | House |
| 4:37 | Create | Villager (Male) |
| 4:41 | Create | Villager (Male) |
| 4:45 | Build | Mill |
| 5:20 | Create | Villager (Male) |
| 5:25 | Create | Villager (Male) |
| 5:45 | Create | Villager (Male) |
| 6:12 | Build | Mill |
| 6:17 | Create | Villager (Male) |
| 6:23 | Build | House |
| 7:08 | Create | Villager (Male) |
| 7:33 | Create | Villager (Male) |
| 7:42 | Create | Villager (Male) |
| 7:49 | Create | Villager (Male) |
| 8:01 | Build | Farm |
| 8:12 | Research | Feudal Age |
| 8:15 | Build | Farm |
| 8:35 | Build | Mining Camp |
| 9:28 | Create | Villager (Male) |
| 9:28 | Create | Villager (Male) |
| 9:31 | Build | House |
| 10:59 | Age | Feudal Age |
| 11:01 | Build | Market |
| 11:10 | Build | Blacksmith |
| 11:52 | Research | Castle Age |
| 12:40 | Research | Loom |
| 12:53 | Research | Gold Mining |
| 13:35 | Build | Farm |
| 13:36 | Build | Farm |
| 13:39 | Build | Farm |
| 13:55 | Build | House |
| 14:19 | Build | Barracks |
| 14:32 | Age | Castle Age |
| 14:51 | Build | Monastery |
| 14:56 | Create | Villager (Male) |
| 14:59 | Create | Villager (Male) |
| 15:11 | Build | Siege Workshop |
| 15:19 | Create | Villager (Male) |
| 15:45 | Create | Monk |
| 15:46 | Create | Monk |
| 15:59 | Create | Mangonel |
| 16:01 | Build | House |
| 16:17 | Build | Stone Wall |
| 16:25 | Build | Stone Wall |
| 16:32 | Create | Militia |
| 16:37 | Build | House |
| 16:37 | Create | Villager (Male) |
| 16:55 | Create | Villager (Male) |
| 17:01 | Build | Monastery |
| 17:04 | Research | Redemption |
| 17:09 | Create | Villager (Male) |
| 17:31 | Create | Spearman |
| 18:04 | Create | Mangonel |
| 18:06 | Build | House |
| 18:15 | Create | Villager (Male) |
| 18:22 | Build | Gate |
| 18:28 | Build | Stone Wall |
| 18:36 | Create | Monk |
| 18:36 | Create | Monk |
| 18:51 | Create | Mangonel |
| 18:57 | Create | Villager (Male) |
| 19:04 | Create | Villager (Male) |
| 19:18 | Build | House |
| 19:19 | Create | Spearman |
| 19:26 | Research | Sanctity |
| 19:27 | Create | Monk |
| 19:36 | Create | Villager (Male) |
| 19:40 | Build | Lumber Camp |
| 19:46 | Create | Monk |
| 19:51 | Build | Mill |
| 20:00 | Create | Villager (Male) |
| 20:15 | Create | Monk |
| 21:16 | Create | Spearman |
| 21:17 | Create | Spearman |
| 21:38 | Create | Villager (Male) |
| 22:09 | Create | Mangonel |
| 22:32 | Build | House |
| 22:33 | Create | Villager (Male) |
| 22:49 | Build | Mining Camp |
| 22:55 | Build | House |
| 23:23 | Build | Town Center |
| 23:41 | Build | House |
| 24:10 | Build | House |
Build order — brachigol
First 150 of 225 actions detected
| 0:02 | Create | Villager (Male) ×4 |
| 0:04 | Build | House |
| 0:05 | Build | House |
| 1:27 | Create | Villager (Male) |
| 1:52 | Build | Lumber Camp |
| 1:56 | Create | Villager (Male) |
| 2:30 | Create | Villager (Male) |
| 2:58 | Create | Villager (Male) |
| 3:14 | Create | Villager (Male) |
| 3:32 | Build | House |
| 3:42 | Create | Villager (Male) |
| 3:52 | Create | Villager (Male) |
| 3:54 | Create | Villager (Male) |
| 4:30 | Build | Mill |
| 5:05 | Create | Villager (Male) |
| 5:07 | Create | Villager (Male) |
| 5:56 | Create | Villager (Male) |
| 6:26 | Research | Feudal Age |
| 6:26 | Research | Feudal Age |
| 7:31 | Build | House |
| 7:58 | Create | Villager (Male) |
| 7:59 | Create | Villager (Male) |
| 8:26 | Build | Mill |
| 8:36 | Age | Feudal Age |
| 8:37 | Create | Villager (Male) |
| 8:39 | Build | Town Center |
| 9:14 | Research | Double-Bit Axe |
| 9:34 | Create | Villager (Male) |
| 10:01 | Create | Villager (Male) |
| 10:11 | Create | Villager (Male) |
| 10:18 | Create | Villager (Male) |
| 10:18 | Create | Villager (Male) |
| 10:32 | Create | Villager (Male) |
| 10:32 | Create | Villager (Male) |
| 10:39 | Create | Villager (Male) |
| 10:54 | Research | Horse Collar |
| 11:02 | Build | House |
| 11:02 | Create | Villager (Male) ×2 |
| 11:13 | Build | Farm |
| 11:19 | Build | Farm |
| 11:36 | Build | Farm |
| 11:41 | Create | Villager (Male) |
| 11:45 | Build | Farm |
| 11:46 | Build | Farm |
| 11:48 | Build | House |
| 11:49 | Build | House |
| 12:08 | Create | Villager (Male) |
| 12:11 | Build | Farm |
| 12:14 | Build | Farm |
| 12:21 | Build | Farm |
| 12:24 | Create | Villager (Male) |
| 12:26 | Build | House |
| 12:40 | Create | Villager (Male) |
| 12:46 | Build | Farm |
| 12:47 | Build | Farm |
| 12:50 | Build | House |
| 12:51 | Build | House |
| 12:59 | Create | Villager (Male) ×2 |
| 13:02 | Build | Farm |
| 13:20 | Create | Villager (Male) ×2 |
| 13:26 | Build | Farm |
| 13:30 | Build | Farm |
| 13:33 | Build | Farm |
| 13:37 | Create | Villager (Male) |
| 13:44 | Build | Farm |
| 13:45 | Build | Farm |
| 13:52 | Create | Villager (Male) ×2 |
| 14:06 | Create | Villager (Male) |
| 14:06 | Create | Villager (Male) |
| 14:18 | Build | House |
| 14:31 | Research | Loom |
| 14:34 | Build | House |
| 14:40 | Create | Villager (Male) |
| 14:41 | Create | Villager (Male) |
| 14:46 | Build | Farm |
| 14:49 | Build | Farm |
| 14:52 | Build | Farm |
| 15:03 | Create | Villager (Male) |
| 15:04 | Create | Villager (Male) |
| 15:09 | Build | Blacksmith |
| 15:15 | Create | Villager (Male) ×5 |
| 15:23 | Build | Farm |
| 15:27 | Build | Mining Camp |
| 15:30 | Build | Farm |
| 15:33 | Build | Farm |
| 15:37 | Build | Farm |
| 15:59 | Build | House |
| 16:00 | Build | House |
| 16:02 | Build | House |
| 16:25 | Build | Market |
| 16:27 | Create | Villager (Male) |
| 16:27 | Create | Villager (Male) |
| 16:35 | Build | Farm |
| 16:36 | Build | Farm |
| 17:01 | Build | Siege Workshop |
| 17:03 | Create | Villager (Male) |
| 17:03 | Create | Villager (Male) |
| 17:19 | Build | Farm |
| 17:31 | Create | Villager (Male) |
| 17:33 | Research | Castle Age |
| 17:59 | Build | Barracks |
| 18:05 | Build | House |
| 18:07 | Build | House |
| 18:15 | Build | House |
| 18:16 | Build | House |
| 18:23 | Create | Villager (Male) |
| 18:23 | Create | Villager (Male) |
| 18:32 | Research | Wheelbarrow |
| 18:32 | Create | Villager (Male) |
| 18:36 | Build | Stable |
| 18:59 | Build | Farm |
| 19:10 | Build | Stable |
| 19:17 | Research | Forging |
| 19:23 | Build | House |
| 19:24 | Build | House |
| 19:34 | Research | Bloodlines |
| 19:48 | Create | Scout Cavalry |
| 19:56 | Create | Villager (Male) |
| 19:56 | Create | Villager (Male) |
| 20:01 | Research | Scale Barding Armor |
| 20:09 | Build | Siege Workshop |
| 20:12 | Create | Scout Cavalry |
| 20:14 | Age | Castle Age |
| 20:21 | Research | Light Cavalry (upgrade) |
| 20:24 | Create | Villager (Male) |
| 20:24 | Create | Villager (Male) |
| 20:30 | Build | Farm |
| 20:30 | Build | Farm |
| 20:32 | Build | Farm |
| 20:33 | Build | Farm |
| 20:41 | Create | Scout Cavalry |
| 20:42 | Create | Scout Cavalry |
| 20:51 | Create | Scorpion |
| 21:11 | Build | Stable |
| 21:11 | Build | Stable |
| 21:33 | Build | Stable |
| 21:37 | Create | Villager (Male) |
| 21:37 | Create | Villager (Male) |
| 21:38 | Create | Villager (Male) |
| 21:51 | Research | Light Cavalry (upgrade) |
| 22:07 | Create | Scout Cavalry |
| 22:07 | Create | Scout Cavalry |
| 22:08 | Create | Scout Cavalry |
| 22:15 | Build | Town Center |
| 22:18 | Create | Scout Cavalry |
| 22:22 | Create | Scout Cavalry ×5 |
| 22:39 | Build | House |
| 22:40 | Build | House |
| 23:02 | Create | Scout Cavalry ×5 |
| 23:13 | Create | Villager (Male) |
Match timeline
| 8:36 | brachigol · age_up feudal |
| 10:18 | TheRe@l_Milo · age_up feudal |
| 10:58 | MZTK | Lenz · age_up feudal |
| 10:59 | [TodEs] JohnWCooke · age_up feudal |
| 11:00 | Juunku · age_up feudal |
| 11:22 | yecjoel · age_up feudal |
| 13:48 | yecjoel · first_building Barracks |
| 14:19 | [TodEs] JohnWCooke · first_building Barracks |
| 14:32 | [TodEs] JohnWCooke · age_up castle |
| 14:46 | yecjoel · first_building Stable |
| 14:50 | MZTK | Lenz · age_up castle |
| 14:51 | [TodEs] JohnWCooke · first_building Monastery |
| 14:58 | yecjoel · age_up castle |
| 15:01 | MZTK | Lenz · first_building Castle |
| 15:03 | Juunku · age_up castle |
| 15:11 | [TodEs] JohnWCooke · first_building Siege Workshop |
| 15:15 | Juunku · first_market_sell 500 wood |
| 15:16 | Juunku · first_market_buy 100 stone |
| 15:24 | Juunku · first_building Castle |
| 15:42 | TheRe@l_Milo · age_up castle |
| 16:17 | [TodEs] JohnWCooke · wall_segment Stone Wall x12 |
| 16:25 | [TodEs] JohnWCooke · wall_segment Stone Wall x10 |
| 17:00 | TheRe@l_Milo · first_market_buy 100 stone |
| 17:01 | brachigol · first_building Siege Workshop |
| 17:05 | TheRe@l_Milo · first_building Castle |
| 17:21 | yecjoel · first_market_buy 100 food |
| 17:38 | [TodEs] JohnWCooke · first_market_sell 100 food |
| 17:59 | brachigol · first_building Barracks |
| 18:20 | yecjoel · first_building Monastery |
| 18:26 | yecjoel · first_market_sell 100 wood |
| 18:28 | [TodEs] JohnWCooke · wall_segment Stone Wall x5 |
| 18:30 | TheRe@l_Milo · wall_segment Stone Wall x3 |
| 18:36 | brachigol · first_building Stable |
| 19:07 | brachigol · first_market_buy 100 wood |
| 19:26 | MZTK | Lenz · first_market_sell 100 wood |
| 19:34 | TheRe@l_Milo · first_market_sell 100 wood |
| 19:51 | TheRe@l_Milo · first_building Siege Workshop |
| 20:00 | MZTK | Lenz · first_market_buy 100 stone |
| 20:14 | brachigol · age_up castle |
| 20:53 | MZTK | Lenz · wall_segment Palisade Wall x1 |
| 23:21 | [TodEs] JohnWCooke · first_market_buy 100 stone |
| 24:46 | [TodEs] JohnWCooke · resign |
| 25:47 | Juunku · first_building Siege Workshop |
| 25:59 | Juunku · wall_segment Palisade Wall x1 |
| 27:48 | Juunku · wall_segment Palisade Wall x1 |
| 27:50 | Juunku · wall_segment Palisade Wall x1 |
| 27:51 | Juunku · wall_segment Palisade Wall x1 |
| 27:52 | Juunku · wall_segment Palisade Wall x1 |
[ AI ANALYSIS · 1 CREDIT ]
What really happened in this match?
Wolo.gg analyzes every decision: build order, eco, micro, common mistakes by bracket. Personalized analysis on WhatsApp or Discord in 30 seconds.
Civ guide
Vietnamese
Perfil
Jugador #3688987